 Dungeon Crawl Stone Soup version 0.26-b1-59-ge38874ec40 (webtiles) character file.

Game seed: 8805447447010332337

34 thedisplayname the Sneak (level 3, -1/21 HPs)
             Began as an Octopode Hedge Wizard on Jan 8, 2021.
             Was an Initiate of Nemelex Xobeh.
             Slain by a hobgoblin
             ... wielding a cursed -1 club
             ... led by Robin
              (8 damage)
             ... on level 2 of the Dungeon.
             The game lasted 00:05:39 (2159 turns).

thedisplayname the Sneak (Octopode Hedge Wizard)    Turns: 2159, Time: 00:05:39

Health: -1/21      AC:  1    Str:  9    XL:     3   Next: 31%
Magic:  3/7        EV: 12    Int: 17    God:    Nemelex Xobeh [......]
Gold:   60         SH:  3    Dex: 11    Spells: 5/8 levels left

rFire    . . .     SeeInvis .   a - +0 dagger
rCold    . . .     Faith    .   e - +0 buckler
rNeg     . . .     Spirit   .   b - +0 hat
rPois    .         Reflect  .   (no amulet)
rElec    .         Harm     .   (no ring)
rCorr    .         Rampage  .   (no ring)
Will     .....                  (no ring)
Stlth    +++.......             (no ring)
HPRegen  0.07/turn              (no ring)
MPRegen  0.10/turn              (no ring)
                                (no ring)
                                (no ring)

@: no status effects
A: almost no armour, stealthy swim, amphibious, 8 rings, constrict 8, camouflage
1, gelatinous body 1
a: Renounce Religion, Draw Escape, Draw Destruction, Draw Summoning


You were on level 2 of the Dungeon.
You worshipped Nemelex Xobeh.
Nemelex Xobeh was noncommittal.
You visited 1 branch of the dungeon, and saw 2 of its levels.

You collected 60 gold pieces.

Inventory:

Hand Weapons
 a - a +0 dagger (weapon)
Armour
 b - a +0 hat (worn)
 e - a +0 buckler (worn)
Scrolls
 c - 2 scrolls of identify {unknown}
Potions
 d - 2 potions of attraction
 f - a potion of curing {unknown}


   Skills:
 + Level 2.4 Dodging
 + Level 3.4 Stealth
 + Level 3.2 Spellcasting
 + Level 1.7 Conjurations
 - Level 1.0 Summonings
 - Level 1.0 Translocations


You had 5 spell levels left.
You knew the following spells:

 Your Spells              Type           Power        Failure   Level
a - Magic Dart            Conj           32%          14%         1
b - Call Imp              Summ           6%           28%         2

Your spell library contained the following spells:

 Spells                   Type           Power        Failure   Level
 Blink                    Tloc           N/A          28%         2
 Slow                     Hex            2%           41%         2
 Conjure Flame            Conj/Fire      5%           52%         3
 Mephitic Cloud           Conj/Pois/Air  4%           56%         3


Dungeon Overview and Level Annotations

Branches:
Dungeon (2/15)

Altars:
Nemelex Xobeh

Annotations:
D:2 Robin


Innate Abilities, Weirdness & Mutations

You cannot wear most types of armour.
You are very stealthy in the water. (Stealth+)
You are amphibious.
You can wear up to eight rings at the same time.
You can use your tentacles to constrict eight enemies at once.
Your skin changes colour to match your surroundings (Stealth+).
Your rubbery body absorbs attacks. (AC +1, EV +1)


Message History

The goblin completely misses you.
You climb upwards.
There is a stone staircase leading down here.
You hit the goblin. You grab the goblin.
The goblin is severely wounded.
You constrict the goblin.
You kill the goblin!
You climb downwards.
Level annotation: Robin The hobgoblin hits you.
The hobgoblin hits you with a +0 club.
A goblin comes into view.
Robin roars a battlecry!
The goblins go into a battle-frenzy!
The hobgoblin hits you with a cursed -1 club.
The hobgoblin hits you. The hobgoblin misses you.
There is a stone staircase leading up, spattered with blood here.
The goblin shouts!
The hobgoblin hits you with a cursed -1 club!
You die...
Your body disappears without a glow.

# ..####...####..
#.....#.##w##.#..#
#........#b+....#
###...##..##g##..##
#..........###....##
##.#.#....>..#..#....
###..#.........g.......
..............g@g..#
.###.#.#........g#.## .
.#............†..#.##....
.............g....†.....#
...))...........(..###..#
#...)..#.........#.)#
!..)......g......#..#
.#....#...............
.......................


You could see a worm, Robin, 4 hobgoblins, 2 goblins and a bat.

Vanquished Creatures
  An ooze (D:1)
  A dart slug (D:1)
  2 leopard geckos
  4 bats (D:1)
  A giant cockroach (D:1)
  5 goblins
  2 jackals (D:1)
  2 frilled lizards (D:2)
  A kobold (D:1)
  2 rats
21 creatures vanquished.

Vanquished Creatures (collateral kills)
  3 goblins (D:2)
  2 hobgoblins (D:2)
5 creatures vanquished.

Grand Total: 26 creatures vanquished

Notes
Turn   | Place    | Note
-------+----------+-------------------------------------------
     0 | D:1      | thedisplayname the Octopode Hedge Wizard began the quest
                  | for the Orb.
     0 | D:1      | Reached XP level 1. HP: 11/11 MP: 4/4
   430 | D:1      | Reached XP level 2. HP: 17/17 MP: 3/6
   552 | D:1      | Learned a level 2 spell: Call Imp
   816 | D:1      | Found a sparkling altar of Nemelex Xobeh.
   832 | D:1      | Became a worshipper of Nemelex Xobeh the Trickster
  2095 | D:2      | Reached XP level 3. HP: 21/21 MP: 5/7
  2140 | D:2      | Noticed Robin
  2159 | D:2      | Slain by a hobgoblin

Illustrated notes

Levels and vault maps discovered:
D:1:      denvon_arrival_planthouse, layout_basic,
          chequers_serial_rivers_small_b, interstate_on_off,
          kennysheep_minor_cross, roderic_serpentine_path, nemelex_altar_shiori
D:2:      layout_rooms, chequers_temple_overflow_statue_of_worship, zin_angel,
          minmay_misc_feat_more_columns, minmay_fractal_squares_gapless_5,
          uniq_terence, uniq_robin

Skill      XL: |  1 |
---------------+----+-----
Stealth        | 3 |  3.4
Dodging        | |  2.4
Spellcasting   | |  3.2
Conjurations   | |  1.7
Summonings     | |  1.0
Translocations | |  1.0

Action                   || total
-------------------------++-------
Melee: Dagger            ||    28
       Constrict         ||     8
       Tentacles         ||     3
 Cast: Magic Dart        ||    36
       Call Imp          ||     1
  Use: Scroll            ||     2
       Potion            ||     2
 Stab: Sleeping          ||     1
Armor: Skin              ||     4
Dodge: Dodged            ||    21
Block: Buckler           ||     1
